Map: 16-Bit LE

Players

Khalmanac - Winner!

  • Race: Terran Terran
  • League: Diamond
  • Spawn Location: 1:00

Obvi

  • Race: Zerg Zerg
  • League: Platinum
  • Spawn Location: 7:00

VOD

Have the link to the VOD?

Description

Practicing Mech vs zerg - getting better!

Time

  • Played on: June 30, 2018, 5:21 p.m.
  • Length: 18:47
Show
View Real Time Build Order
Export as new Build Order

Khalmanac Terran - Winner!

Build Orders: Mech 

Get SALT Encoding   

  12  0:00  SCV  
  13  0:13  SCV  
  14  0:18  Supply Depot  
  14  0:25  SCV  
  15  0:41  Barracks  
  16  0:42  SCV  
  16  0:46  Refinery  
  16  0:55  SCV  
  17  1:13  SCV  
  18  1:26  SCV  
  18  1:30  Barracks Reactor  
  19  1:45  Orbital Command  
  19  2:03  Command Center  
  19  2:06  Marine  
  19  2:07  Factory  
  20  2:09  Marine  
  21  2:18  Supply Depot  
  21  2:24  Marine  
  21  2:45  Factory  
  21  2:47  SCV  
  22  2:58  Refinery  
  22  2:59  SCV  
  22  3:01  Barracks Tech Lab  
  22  3:04  Hellion  
  25  3:11  Hellion  
  27  3:23  SCV  
  28  3:30  Hellion  
  28  3:32  Hellion  
  32  3:38  Factory Tech Lab  
  32  3:45  Supply Depot  
  32  3:48  Engineering Bay  
  32  3:51  Concussive Shells  
  32  3:52  Hellion  
  34  4:00  Siege Tank  
  37  4:03  SCV  
  37  4:07  Orbital Command  
  38  4:15  SCV  
  31  4:57  Hellion x2  
  31  4:59  Marauder  
  35  5:00  Siege Tank  
  35  5:01  SCV x2  
  40  5:12  Armory  
  40  5:13  SCV x2  
  42  5:18  Missile Turret, Hellion x2  
  46  5:22  Missile Turret  
  46  5:25  SCV  
  46  5:28  Marauder  
  49  5:38  SCV x2  
  49  5:40  Hellion  
  53  5:46  Hellion  
  53  5:47  Supply Depot  
  55  5:59  Siege Tank  
  55  6:01  Hellion  
  60  6:07  SCV  
  60  6:09  SCV, Hellion  
  64  6:12  Supply Depot  
  64  6:19  SCV  
  64  6:22  Terran Vehicle And Ship Armor Level 1  
  65  6:26  SCV  
  62  7:09  Marine  
  62  7:12  Hellion x2  
  66  7:27  Marine  
  67  7:34  Hellion  
  60  7:44  Hellion  
  60  7:45  Siege Tank  
  60  7:48  Infernal Pre-Igniter  
  60  7:50  SCV x2  
  67  7:54  Refinery  
  67  7:55  Hellion  
  67  7:56  Refinery  
  69  7:59  Factory  
  69  8:10  Starport, Supply Depot  
  69  8:11  Hellion  
  71  8:16  Hellion  
  62  8:45  Siege Tank  
  62  8:46  Factory Tech Lab  
  65  8:48  Supply Depot, Terran Vehicle Weapons Level 1  
  65  8:52  Medivac  
  67  9:07  Siege Tank  
  67  9:08  Hellion  
  67  9:09  Hellion  
  74  9:11  SCV  
  74  9:12  SCV  
  76  9:23  SCV  
  76  9:24  SCV  
  63  9:30  Hellion  
  64  9:35  SCV  
  64  9:36  SCV  
  66  9:46  Command Center  
  66  9:47  Siege Tank x2  
  66  9:49  Hellion  
  66  9:50  SCV  
  66  9:51  Hellion  
  77  10:00  Starport Reactor  
  77  10:10  Supply Depot, Hellion  
  77  10:13  Hellion  
  81  10:15  Supply Depot  
  81  10:20  Marauder  
  83  10:32  Hellion  
  83  10:34  Hellion  
  87  10:37  Sensor Tower  
  87  10:39  Supply Depot  
  91  10:48  Viking x2  
  91  10:54  Marauder  
  91  10:55  Thor x2  
  105  11:00  Planetary Fortress  
  105  11:04  Sensor Tower  
  105  11:08  SCV x2  
  107  11:20  SCV x2  
  109  11:32  SCV  
  110  11:37  Thor  
  110  11:38  Thor  
  110  11:39  SCV  
  123  11:40  SCV  
  123  11:44  SCV  
  125  11:51  SCV  
  125  11:52  Medivac x2  
  125  11:53  SCV  
  131  11:56  SCV  
  132  12:03  SCV  
  132  12:05  Refinery  
  132  12:07  Refinery  
  133  12:09  Supply Depot, SCV  
  133  12:12  Supply Depot  
  132  12:21  Hellion  
  132  12:22  Hellion  
  136  12:23  Thor  
  136  12:26  Thor  
  149  12:30  SCV  
  149  12:31  SCV  
  149  12:34  Supply Depot  
  150  12:38  Supply Depot  
  150  12:43  Hellion x2  
  154  13:00  Supply Depot  
  154  13:04  Hellion  
  152  13:15  Hellion x5  
  152  13:25  Siege Tank x2  
  152  13:26  SCV x2  
  156  13:45  Hellion x2  
  158  13:57  Siege Tank x2  
  164  14:06  Hellion  
  164  14:07  Hellion  
  164  14:28  Hellion x2  
  164  14:29  Siege Tank x2  
  168  14:49  Hellion x2  
  172  15:01  Hellion  
  172  15:02  Hellion  
  176  15:23  Siege Tank x2  
  160  15:37  Hellion  
  160  15:38  Hellion  
  153  15:55  Siege Tank x2  
  153  15:58  SCV x2  
  153  15:59  Hellion x2  
  159  16:08  Command Center  
  159  16:20  Hellion x2  
  163  16:27  Siege Tank x2  
  167  16:42  Hellion x2  
  171  16:59  Hellion x2  
  175  17:03  Hellion x2  
  156  17:24  Hellion  
Show
View Real Time Build Order
Export as new Build Order

Obvi Zerg 

Build Orders: Hatch First 

Get SALT Encoding   

  12  0:01  Drone  
  13  0:13  Overlord  
  13  0:18  Drone  
  14  0:32  Drone x2  
  16  0:38  Drone  
  17  0:46  Drone  
  18  0:59  Hatchery  
  18  1:00  Drone  
  18  1:02  Extractor  
  17  1:12  Drone  
  18  1:21  Spawning Pool  
  18  1:23  Drone  
  18  1:31  Drone  
  19  1:40  Drone  
  20  1:55  Drone  
  21  2:09  Drone  
  21  2:10  Queen  
  21  2:11  Queen  
  21  2:12  Zergling x2  
  21  2:13  Zergling x2  
  28  2:18  Metabolic Boost  
  28  2:46  Overlord x2  
  28  2:57  Hatchery  
  27  3:03  Drone  
  27  3:04  Overlord  
  28  3:14  Drone  
  29  3:21  Drone  
  29  3:24  Queen  
  32  3:28  Lair  
  32  3:33  Zergling x4  
  34  4:00  Extractor  
  33  4:14  Drone x2  
  33  4:15  Drone  
  33  4:16  Drone  
  37  4:18  Spine Crawler  
  30  4:51  Drone x4  
  33  5:02  Spine Crawler  
  33  5:03  Drone x6  
  38  5:16  Hydralisk Den  
  37  5:24  Drone x4  
  37  5:27  Drone  
  37  5:28  Drone x2  
  44  5:39  Drone x2  
  46  5:45  Drone x6  
  52  6:04  Baneling Nest  
  51  6:11  Grooved Spines  
  51  6:18  Evolution Chamber  
  50  6:20  Hydralisk  
  50  6:21  Hydralisk  
  50  6:25  Zergling x6  
  54  6:49  Queen x2  
  55  7:06  Hydralisk x2  
  52  7:32  Overlord x3  
  50  7:51  Hydralisk x3  
  50  7:52  Hydralisk x5  
  50  7:53  Zergling x2  
  50  7:55  Extractor  
  50  7:56  Extractor  
  65  8:09  Zergling x2  
  65  8:10  Zergling x14  
  73  8:17  Zergling x2  
  73  8:18  Zergling x2  
  75  8:23  Zergling x2  
  71  8:48  Zergling x6  
  74  8:50  Baneling x6  
  74  8:51  Baneling x5, Overlord x2  
  60  9:26  Zergling x2  
  60  9:27  Zergling x12  
  67  9:32  Zergling x2  
  68  9:45  Hatchery  
  67  9:47  Drone  
  67  9:48  Drone  
  69  9:55  Zergling x2  
  69  9:56  Zergling x2  
  69  9:57  Hatchery, Overseer  
  70  10:02  Zerg Missile Weapons Level 1  
  70  10:12  Queen  
  72  10:14  Queen  
  72  10:17  Evolution Chamber  
  73  10:45  Hydralisk  
  73  10:46  Hydralisk x5  
  83  11:05  Hydralisk  
  83  11:06  Hydralisk x6  
  97  11:12  Hatchery  
  97  11:14  Drone x3  
  101  11:18  Baneling  
  101  11:19  Baneling x11  
  101  11:20  Zergling x4  
  103  11:35  Zergling x2  
  103  11:36  Zergling x4  
  104  12:00  Overlord x2  
  104  12:01  Overlord x2  
  103  12:03  Muscular Augments  
  103  12:05  Zerg Missile Weapons Level 2  
  103  12:06  Zerg Ground Armor Level 1  
  103  12:29  Hydralisk, Zergling x4  
  106  12:30  Hydralisk x11, Zergling x4  
  106  12:32  Overlord x2  
  106  12:33  Overlord  
  106  12:34  Drone x3  
  134  12:50  Drone  
  134  12:51  Drone x2  
  137  12:59  Hydralisk  
  137  13:10  Zergling x16  
  135  13:24  Zergling x8  
  135  13:25  Hydralisk  
  135  13:26  Hydralisk x4  
  148  13:27  Overlord x2  
  148  13:28  Overlord  
  148  13:38  Extractor x2  
  146  13:45  Overseer  
  145  14:09  Spine Crawler  
  138  14:16  Drone  
  138  14:17  Drone x8  
  142  14:26  Spine Crawler  
  137  14:35  Drone x7  
  137  14:36  Drone x6  
  147  14:43  Hydralisk  
  147  14:44  Hydralisk x10  
  169  14:52  Drone x2  
  171  15:02  Zerg Ground Armor Level 2  
  171  15:05  Zerg Melee Weapons Level 1  
  171  15:12  Spine Crawler  
  162  15:20  Overseer  
  125  15:37  Zergling x14  
  125  15:38  Zergling x8  
  111  15:47  Zergling x10  
  111  15:48  Zergling x6  
  115  15:59  Baneling  
  115  16:00  Baneling x3  
  113  16:14  Baneling x2  
  113  16:15  Baneling x4  
  104  16:25  Zergling x6  
  103  16:26  Zergling x14  
  110  16:34  Zergling x2  
  110  16:35  Hydralisk, Zergling x4  
  115  16:46  Hydralisk  
  115  16:47  Hydralisk x4  
  115  16:50  Baneling x8  
  125  16:54  Hydralisk x2  
  125  16:59  Hydralisk x3  
  78  17:19  Zergling x10  
  78  17:20  Zergling x14  
  80  17:25  Hydralisk  
  78  17:35  Zergling x2  
  78  17:36  Zergling x12  
  63  17:48  Hydralisk x9  
  62  18:08  Hydralisk  
  62  18:09  Hydralisk x6  
Tags
 
Composition
Mech
Matchup
TvZ
Spawn Locations
Cross Positions
Add a new tag
Caveats
  • Supply blocks, unpowered buildings, or Contaminate may cause inaccurate times.
  • Supply counts are checked every 10 seconds.